TOP OF THE 1ST |
Brinkley Belugas batting - Pitching for Hialeah Dodos : RHP José Guzmán
|
Pitching: RHP José Guzmán
|
|
Batting: RHB Steve Jones
|
0-0: Called Strike 0-1: Ball 1-1: Ball 2-1: Foul Ball, location: 2F 2-2: SINGLE (Line Drive, 56)
|
Batting: RHB Jason Weston
|
0-0: Ball 1-0: Called Strike Steve Jones steals 2nd base 1-1: Foul Ball, location: 2F 1-2: Ground out 5-3 (Groundball, 5)
|
Batting: RHB Shawn Hicks
|
0-0: Fly out, F7 (Flyball, 7LM)
|
Batting: RHB Mark Field
|
0-0: Called Strike 0-1: Ball 1-1: Foul Ball, location: 2F 1-2: Foul Ball, location: 2F 1-2: Ball 2-2: Ground out 5-3 (Groundball, 56)
|
Top of the 1st over - 0 run(s), 1 hit(s), 0 error(s), 1 left on base; Brinkley 0 - Hialeah 0 |
BOTTOM OF THE 1ST |
Hialeah Dodos batting - Pitching for Brinkley Belugas : RHP Jeff Mayer
|
Pitching: RHP Jeff Mayer
|
|
Batting: LHB Alberto Enríquez
|
0-0: Ball 1-0: Foul Ball, location: 2F 1-1: Ball 2-1: Foul Ball, location: 2F 2-2: Ball 3-2: Foul Ball, location: 2F 3-2: Strikes out looking
|
Batting: RHB Javier Santos
|
0-0: Ball 1-0: Called Strike 1-1: Foul Ball, location: 2F 1-2: Foul Ball, location: 2F 1-2: Ball 2-2: Ground out 5-3 (Groundball, 5L)
|
Batting: LHB Alfonso Núñez
|
0-0: Called Strike 0-1: Ball 1-1: Foul Ball, location: 2F 1-2: SINGLE (Line Drive, 9LS)
|
Batting: LHB Álex Burgos
|
0-0: Ball 1-0: Called Strike Alfonso Núñez steals 2nd base 1-1: Ball 2-1: Ball 3-1: Base on Balls
|
Batting: RHB Mitch Jensen
|
0-0: Called Strike 0-1: Ball 1-1: Ball 2-1: Swinging Strike 2-2: Fly out, F8 (Flyball, 8LM)
|
Bottom of the 1st over - 0 run(s), 1 hit(s), 0 error(s), 2 left on base; Brinkley 0 - Hialeah 0 |
TOP OF THE 2ND |
Brinkley Belugas batting - Pitching for Hialeah Dodos : RHP José Guzmán
|
Batting: RHB Kurt Chappell
|
0-0: Fly out, F8 (Flyball, 8RS)
|
Batting: RHB Ricardo Romo
|
0-0: Ball 1-0: Foul Ball, location: 2F 1-1: Ball 2-1: Ball 3-1: Called Strike 3-2: Foul Ball, location: 2F 3-2: SINGLE (Line Drive, 8LS)
|
Batting: RHB Gonzalo Núñez
|
0-0: Ball 1-0: Ball 2-0: Foul Ball, location: 2F 2-1: Ball 3-1: Called Strike 3-2: Foul Ball, location: 2F 3-2: Base on Balls Ricardo Romo to second
|
Batting: RHB Pablo Alyala
|
0-0: Called Strike 0-1: Called Strike 0-2: Strikes out swinging
|
Batting: RHB Fernando Díaz
|
0-0: Ball 1-0: Called Strike 1-1: Ball 2-1: Called Strike 2-2: Ball 3-2: Strikes out swinging
|
Top of the 2nd over - 0 run(s), 1 hit(s), 0 error(s), 2 left on base; Brinkley 0 - Hialeah 0 |
BOTTOM OF THE 2ND |
Hialeah Dodos batting - Pitching for Brinkley Belugas : RHP Jeff Mayer
|
Batting: LHB Jeff Conklin
|
0-0: Swinging Strike 0-1: DOUBLE (Groundball, 3L)
|
Batting: RHB Alexis Smeddon
|
0-0: Fly out, F6 (Popup, 6MD)
|
Batting: RHB Carl Carlson
|
0-0: Called Strike 0-1: Foul Ball, location: 2F 0-2: Ball 1-2: Ball 2-2: Fly out, F8 (Flyball, 8LM)
|
Batting: RHB Pedro Longoria
|
0-0: Ball 1-0: Foul Ball, location: 2F 1-1: Ball 2-1: Fly out, F9 (Line Drive, 89M)
|
Bottom of the 2nd over - 0 run(s), 1 hit(s), 0 error(s), 1 left on base; Brinkley 0 - Hialeah 0 |
TOP OF THE 3RD |
Brinkley Belugas batting - Pitching for Hialeah Dodos : RHP José Guzmán
|
Batting: RHB Steve Jones
|
0-0: Ball 1-0: Fly out, F9 (Line Drive, 9S)
|
Batting: RHB Jason Weston
|
0-0: Ball 1-0: Called Strike 1-1: Called Strike 1-2: Ground out U3 (Groundball, 3S)
|
Batting: RHB Shawn Hicks
|
0-0: Fly out, F9 (Flyball, 89S)
|
Top of the 3rd over - 0 run(s), 0 hit(s), 0 error(s), 0 left on base; Brinkley 0 - Hialeah 0 |
BOTTOM OF THE 3RD |
Hialeah Dodos batting - Pitching for Brinkley Belugas : RHP Jeff Mayer
|
Batting: LHB Alberto Enríquez
|
0-0: Ball 1-0: Called Strike 1-1: Ball 2-1: Ball 3-1: Base on Balls
|
Batting: RHB Javier Santos
|
0-0: Fly out, F9 (Flyball, 89M)
|
Batting: LHB Alfonso Núñez
|
0-0: Ball 1-0: Ball 2-0: Ball 3-0: Base on Balls Alberto Enríquez to second
|
Batting: LHB Álex Burgos
|
0-0: Called Strike 0-1: Ball 1-1: Swinging Strike 1-2: Ball 2-2: Ground out 4-3 (Groundball, 4M) Alberto Enríquez to third Alfonso Núñez to second
|
Batting: RHB Mitch Jensen
|
0-0: Called Strike 0-1: Ball 1-1: Ball 2-1: Ball 3-1: Base on Balls
|
Batting: LHB Jeff Conklin
|
0-0: Ball 1-0: Ball 2-0: Ball 3-0: Foul Ball, location: 2F 3-1: Base on Balls Alberto Enríquez scores Alfonso Núñez to third Mitch Jensen to second
|
Batting: RHB Alexis Smeddon
|
0-0: Ball 1-0: Ball 2-0: Foul Ball, location: 2F 2-1: Foul Ball, location: 2F 2-2: Foul Ball, location: 2F 2-2: Ball 3-2: Foul Ball, location: 2F 3-2: Fly out, F5 (Line Drive, 56)
|
Bottom of the 3rd over - 1 run(s), 0 hit(s), 0 error(s), 3 left on base; Brinkley 0 - Hialeah 1 |
TOP OF THE 4TH |
Brinkley Belugas batting - Pitching for Hialeah Dodos : RHP José Guzmán
|
Batting: RHB Mark Field
|
0-0: Called Strike 0-1: Called Strike 0-2: Ball 1-2: Ball 2-2: Foul Ball, location: 2F 2-2: Ball 3-2: Strikes out swinging
|
Batting: RHB Kurt Chappell
|
0-0: Ball 1-0: Ball 2-0: Called Strike 2-1: Ground out 4-3 (Groundball, 34)
|
Batting: RHB Ricardo Romo
|
0-0: SINGLE (Flyball, 7LS)
|
Batting: RHB Gonzalo Núñez
|
0-0: Foul Ball, location: 2F 0-1: Foul Ball, location: 2F 0-2: Foul Ball, location: 2F 0-2: Ball 1-2: Ball 2-2: Fly out, F4 (Line Drive, 4)
|
Top of the 4th over - 0 run(s), 1 hit(s), 0 error(s), 1 left on base; Brinkley 0 - Hialeah 1 |
BOTTOM OF THE 4TH |
Hialeah Dodos batting - Pitching for Brinkley Belugas : RHP Jeff Mayer
|
Batting: RHB Carl Carlson
|
0-0: Ground out 1-3 (Groundball, 13)
|
Batting: RHB Pedro Longoria
|
0-0: Ball 1-0: Ball 2-0: DOUBLE (Line Drive, 89M)
|
Batting: LHB Alberto Enríquez
|
0-0: Called Strike 0-1: Ball 1-1: Ball 2-1: Ball 3-1: SINGLE (Groundball, 4MD) Pedro Longoria to third Runner from 3rd tries for Home, SAFE, throw made home
|
Batting: RHB Javier Santos
|
0-0: Ball 1-0: Foul Ball, location: 2F 1-1: Ball 2-1: Ball Alberto Enríquez is caught stealing 2nd base 3-1: Ground out 5-3 (Groundball, 5S)
|
Bottom of the 4th over - 1 run(s), 2 hit(s), 0 error(s), 0 left on base; Brinkley 0 - Hialeah 2 |
TOP OF THE 5TH |
Brinkley Belugas batting - Pitching for Hialeah Dodos : RHP José Guzmán
|
Batting: RHB Pablo Alyala
|
0-0: Called Strike 0-1: Foul Ball, location: 2F 0-2: Ball 1-2: Ball 2-2: Ball 3-2: Base on Balls
|
Batting: RHB Fernando Díaz
|
0-0: Called Strike 0-1: Swinging Strike 0-2: Strikes out swinging
|
Batting: RHB Steve Jones
|
0-0: Ball 1-0: Ball 2-0: Ball 3-0: Called Strike 3-1: Fielders Choice at 2nd, 6-4 (Groundball, 56)
|
Batting: RHB Jason Weston
|
0-0: Ball 1-0: Called Strike 1-1: Ball 2-1: Ball 3-1: SINGLE (Line Drive, 6) Steve Jones to second
|
Batting: RHB Shawn Hicks
|
0-0: Ball 1-0: Ball 2-0: DOUBLE (Line Drive, 8LM) Steve Jones scores Jason Weston to third Runner from 3rd tries for Home, SAFE, throw made home
|
Batting: RHB Mark Field
|
0-0: Called Strike 0-1: Ground out 4-3 (Groundball, 4)
|
Top of the 5th over - 2 run(s), 2 hit(s), 0 error(s), 1 left on base; Brinkley 2 - Hialeah 2 |
BOTTOM OF THE 5TH |
Hialeah Dodos batting - Pitching for Brinkley Belugas : RHP Jeff Mayer
|
Batting: LHB Alfonso Núñez
|
0-0: Called Strike 0-1: Ball 1-1: Foul Ball, location: 2F 1-2: Ball 2-2: Foul Ball, location: 2F 2-2: DOUBLE (Line Drive, 9LS)
|
Batting: LHB Álex Burgos
|
0-0: Ball 1-0: Ball 2-0: Foul Ball, location: 2F 2-1: Ball 3-1: Fly out, F7 (Flyball, 78M)
|
Batting: RHB Mitch Jensen
|
0-0: Called Strike 0-1: Ball 1-1: Ball 2-1: Ball 3-1: Base on Balls
|
Pitching: RHP Gary Jones
|
|
Batting: LHB Jeff Conklin
|
0-0: Called Strike 0-1: Ball 1-1: Ball 2-1: Foul Ball, location: 2F 2-2: Ball 3-2: SINGLE (Line Drive, 78S) Alfonso Núñez to third Mitch Jensen to second
|
Batting: RHB Alexis Smeddon
|
0-0: Called Strike 0-1: Ball 1-1: Foul Ball, location: 2F 1-2: Ball 2-2: DOUBLE (Groundball, 5L) Alfonso Núñez scores Mitch Jensen scores Jeff Conklin to third
|
Batting: RHB Carl Carlson
|
0-0: Ball 1-0: Ball 2-0: SINGLE (Groundball, 34D) Jeff Conklin scores Alexis Smeddon to third Runner from 3rd tries for Home, SAFE, no throw or cutoff
|
Batting: RHB Pedro Longoria
|
0-0: Called Strike 0-1: Ball 1-1: Fly out, F9 (Line Drive, 89M)
|
Batting: LHB Alberto Enríquez
|
0-0: Ball 1-0: Ground out 4-3 (Groundball, 4)
|
Bottom of the 5th over - 4 run(s), 4 hit(s), 0 error(s), 1 left on base; Brinkley 2 - Hialeah 6 |
TOP OF THE 6TH |
Brinkley Belugas batting - Pitching for Hialeah Dodos : RHP José Guzmán
|
Batting: RHB Kurt Chappell
|
0-0: Ball 1-0: Ball 2-0: Ball 3-0: Called Strike 3-1: Base on Balls
|
Batting: RHB Ricardo Romo
|
0-0: Called Strike 0-1: Swinging Strike 0-2: Ball 1-2: Foul Ball, location: 2F 1-2: Ground out 5-3 (Groundball, 5S) Kurt Chappell to second
|
Batting: RHB Gonzalo Núñez
|
0-0: Reaches on Catchers interference
|
Batting: RHB Pablo Alyala
|
0-0: Called Strike 0-1: Fly out, F3 (Popup, 3DF)
|
Batting: RHB Fernando Díaz
|
0-0: Foul Ball, location: 2F 0-1: Foul Ball, location: 2F 0-2: Fielders Choice at 2nd, U4 (Groundball, 4M)
|
Top of the 6th over - 0 run(s), 0 hit(s), 1 error(s), 2 left on base; Brinkley 2 - Hialeah 6 |
BOTTOM OF THE 6TH |
Hialeah Dodos batting - Pitching for Brinkley Belugas : RHP Gary Jones
|
Batting: RHB Javier Santos
|
0-0: Ball 1-0: Swinging Strike 1-1: SINGLE (Groundball, 6MD)
|
Batting: LHB Alfonso Núñez
|
0-0: Swinging Strike 0-1: Foul Ball, location: 2F 0-2: Foul Ball, location: 2F 0-2: Ball 1-2: Ball 2-2: Foul Ball, location: 2F 2-2: Strikes out swinging
|
Batting: LHB Álex Burgos
|
0-0: Ball 1-0: Ball 2-0: Fly out, F6 (Popup, 6MS)
|
Batting: RHB Mitch Jensen
|
0-0: Ball 1-0: Called Strike 1-1: Ground out 5-3 (Groundball, 56)
|
Bottom of the 6th over - 0 run(s), 1 hit(s), 0 error(s), 1 left on base; Brinkley 2 - Hialeah 6 |
TOP OF THE 7TH |
Brinkley Belugas batting - Pitching for Hialeah Dodos : RHP José Guzmán
|
Batting: RHB Steve Jones
|
0-0: Ball 1-0: Called Strike 1-1: Ball 2-1: Swinging Strike 2-2: Strikes out looking
|
Batting: RHB Jason Weston
|
0-0: Called Strike 0-1: Ball 1-1: Swinging Strike 1-2: Strikes out swinging
|
Batting: RHB Shawn Hicks
|
0-0: Called Strike 0-1: Ball 1-1: Ball 2-1: Called Strike 2-2: Strikes out looking
|
Top of the 7th over - 0 run(s), 0 hit(s), 0 error(s), 0 left on base; Brinkley 2 - Hialeah 6 |
BOTTOM OF THE 7TH |
Hialeah Dodos batting - Pitching for Brinkley Belugas : RHP Gary Jones
|
Batting: LHB Jeff Conklin
|
0-0: Fly out, F6 (Popup, 6)
|
Batting: RHB Alexis Smeddon
|
0-0: Called Strike 0-1: SINGLE (Groundball, 5)
|
Pitching: RHP Robert Archer
|
|
Batting: RHB Carl Carlson
|
0-0: Foul Ball, location: 2F 0-1: Ball 1-1: Fly out, F4 (Popup, 4M)
|
Batting: RHB Pedro Longoria
|
0-0: Called Strike 0-1: Ball 1-1: Swinging Strike 1-2: Strikes out swinging
|
Bottom of the 7th over - 0 run(s), 1 hit(s), 0 error(s), 1 left on base; Brinkley 2 - Hialeah 6 |
TOP OF THE 8TH |
Brinkley Belugas batting - Pitching for Hialeah Dodos : RHP José Guzmán
|
Pitching: RHP Jim Unknown
|
|
Batting: RHB Mark Field
|
0-0: Foul Ball, location: 2F 0-1: Ball 1-1: Ball 2-1: Foul Ball, location: 2F 2-2: Foul Ball, location: 2F 2-2: Strikes out swinging
|
Batting: RHB Kurt Chappell
|
0-0: Called Strike 0-1: Foul Ball, location: 2F 0-2: Foul Ball, location: 2F 0-2: Ball 1-2: Ball 2-2: Ball 3-2: Base on Balls
|
Batting: RHB Ricardo Romo
|
0-0: Swinging Strike 0-1: Called Strike 0-2: Ball 1-2: Ball 2-2: SINGLE (Line Drive, 8LS) Kurt Chappell to second
|
Batting: RHB Gonzalo Núñez
|
0-0: Ball 1-0: Ball 2-0: Called Strike 2-1: Ball 3-1: Ground out 5-3 (Groundball, 5S) Kurt Chappell to third Ricardo Romo to second
|
Batting: RHB Pablo Alyala
|
0-0: Ball 1-0: Called Strike 1-1: Foul Ball, location: 2F 1-2: Strikes out swinging
|
Top of the 8th over - 0 run(s), 1 hit(s), 0 error(s), 2 left on base; Brinkley 2 - Hialeah 6 |
BOTTOM OF THE 8TH |
Hialeah Dodos batting - Pitching for Brinkley Belugas : RHP Robert Archer
|
Batting: LHB Alberto Enríquez
|
0-0: Called Strike 0-1: Ball 1-1: Ball 2-1: Swinging Strike 2-2: Fly out, F7 (Flyball, 7M)
|
Batting: RHB Javier Santos
|
0-0: Ball 1-0: Ball 2-0: Swinging Strike 2-1: Foul Ball, location: 2F 2-2: Ball 3-2: Foul Ball, location: 2F 3-2: SINGLE (Line Drive, 89M)
|
Batting: LHB Alfonso Núñez
|
0-0: Ball 1-0: Ball 2-0: Ball Pickoff Throw by Catcher to First - Error! E2 Javier Santos to second 3-0: Base on Balls
|
Batting: LHB Álex Burgos
|
0-0: Ball Javier Santos is caught stealing 3rd base Alfonso Núñez to second 1-0: Ball 2-0: Fly out, F7 (Flyball, 7D)
|
Bottom of the 8th over - 0 run(s), 1 hit(s), 1 error(s), 1 left on base; Brinkley 2 - Hialeah 6 |
TOP OF THE 9TH |
Brinkley Belugas batting - Pitching for Hialeah Dodos : RHP Jim Unknown
|
Batting: RHB Fernando Díaz
|
0-0: Called Strike 0-1: Ball 1-1: Ground out 4-3 (Groundball, 4)
|
Batting: RHB Steve Jones
|
0-0: Ball 1-0: Foul Ball, location: 2F 1-1: Foul Ball, location: 2F 1-2: Strikes out looking
|
Batting: RHB Jason Weston
|
0-0: Ball 1-0: Ball 2-0: Ball 3-0: Called Strike 3-1: Fly out, F9 (Flyball, 9M)
|
Top of the 9th over - 0 run(s), 0 hit(s), 0 error(s), 0 left on base; Brinkley 2 - Hialeah 6 |
|